 Dungeon Crawl Stone Soup version 0.23.2-40-g277498a (webtiles) character file.

Game seed: 223594920441430461

267 CrazyJ the Chiller (level 6, -7/48 HPs)
             Began as a Draconian Ice Elementalist on Sept 10, 2019.
             Shot with an arrow by a centaur (14 damage)
             ... on level 5 of the Dungeon on Sept 11, 2019.
             The game lasted 00:19:29 (3912 turns).

CrazyJ the Chiller (Draconian Ice Elementalist)     Turns: 3912, Time: 00:19:30

Health: -7/48      AC:  6    Str: 16    XL:     6   Next: 0%
Magic:  9/11       EV: 14    Int: 18    God:
Gold:   30         SH:  0    Dex: 11    Spells: 1/11 levels left

rFire    . . .     SeeInvis .   w - +2 whip (venom)
rCold    . . .     Gourm    +   (no shield)
rNeg     . . .     Faith    .   (armour unavailable)
rPois    .         Spirit   .   (helmet restricted)
rElec    .         Reflect  .   (no cloak)
rCorr    .         Harm     .   (no gloves)
MR       .....                  (no boots)
Stlth    ++........             l - amulet of the gourmand
HPRegen  0.16/turn              p - +2 ring of evasion
MPRegen  0.12/turn              v - +6 ring of strength

@: very slightly contaminated
A: unfitting armour, cold-blooded, AC +6
a: no special abilities


You were on level 5 of the Dungeon.
You were very full.

You visited 1 branch of the dungeon, and saw 5 of its levels.

You collected 100 gold pieces.
You spent 70 gold pieces at shops.

Inventory:

Hand Weapons
 f - a +0 short sword
 i - a +0 whip
 m - a +0 dagger of speed
 q - a +0 whip
 w - a +2 whip of venom (weapon)
 y - a +0 hunting sling
 B - a +3 dagger
Missiles
 a - 8 arrows
 j - 87 stones (quivered)
 o - 64 bolts
 A - 4 silver tomahawks
 C - 28 poisoned needles
Magical Staves
 G - an uncursed staff of wizardry
Jewellery
 l - an amulet of the gourmand (around neck)
 p - a +2 ring of evasion (left hand)
 v - a +6 ring of strength (right hand)
Wands
 E - a wand of random effects (14)
Scrolls
 d - 2 scrolls of enchant armour {unknown}
 k - 3 scrolls of remove curse
 n - 2 scrolls of noise
 r - 2 scrolls of amnesia {unknown}
 s - a scroll of teleportation {unknown}
 z - a scroll of identify {unknown}
Potions
 c - 2 potions of mutation {unknown}
 g - a potion of degeneration {unknown}
 h - 2 potions of curing
 t - 3 potions of haste {unknown}
 u - 2 potions of cancellation {unknown}
 x - a potion of brilliance {unknown}
 D - a potion of berserk rage {unknown}
 F - a potion of heal wounds
Comestibles
 b - 9 rations


   Skills:
 + Level 2.0 Fighting
 - Level 0.5 Short Blades
 + Level 1.0 Maces & Flails
 + Level 2.5 Dodging
 - Level 1.7 Stealth
 * Level 3.3 Spellcasting
 + Level 1.7 Conjurations
 + Level 0.9 Charms
 * Level 4.3 Ice Magic


You had one spell level left.
You knew the following spells:

 Your Spells              Type           Power        Failure   Level  Hunger
a - Freeze                Ice            ###.         2%          1    None
b - Throw Frost           Conj/Ice       ##....       7%          2    ##.....
c - Ozocubu's Armour      Chrm/Ice       ##......     16%         3    ###....
d - Throw Icicle          Conj/Ice       ##......     41%         4    ####...

Your spell library contained the following spells:

 Spells                   Type           Power        Failure   Level  Hunger
 Summon Ice Beast         Ice/Summ       ##......     54%         4    ####...


Dungeon Overview and Level Annotations

Branches:
Dungeon (5/15)             Temple (0/1) D:5

Altars:
Dithmenos
Nemelex Xobeh
Qazlal
Ru

Shops:
D:4 !

Annotations:
D:4 2 runed translucent doors


Innate Abilities, Weirdness & Mutations

Your plain brown scales are hard. (AC +6)
You cannot fit into any form of body armour.
You are cold-blooded and may be slowed by cold attacks.


Message History

The centaur shoots an arrow.
The arrow hits you!
* * * LOW HITPOINT WARNING * * *
You see here an arrow.
Casting: Throw Frost (safe; 7% risk of failure)
Confirm with . or Enter, or press ? or * to list all spells.
Aiming: Throw Frost (safe; 7% risk of failure)
Press: ? - help, Shift-Dir - straight line, f - centaur
Aim: a centaur, wielding a +0 shortbow The puff of frost hits the centaur.
The centaur is lightly wounded.
The centaur shoots an arrow.
The arrow misses you.
Blink to where?
Press: ? - help, Dir - move target cursor, p - centaur You are very lightly contaminated with residual magic.
As you read the scroll of blinking, it crumbles to dust.
The centaur shoots an arrow.
The arrow misses you.
The centaur shoots an arrow.
The arrow hits you.
* * * LOW HITPOINT WARNING * * *
The centaur shoots an arrow.
The arrow hits you!
You die...

.......#.#.....#....
.......#.#####.#..## #
.......#)#####.#..###..
..............(.^......
............((.........
............(..((.#.##
.....#.####.###.#.# #
...........8...ยง#.#
...........@...........
..#........8...........
.......................
.............c.........
...........?...........
...................
...................
...............


You could see a centaur.

Vanquished Creatures
  A bullfrog zombie (D:5)
  An orc wizard (D:3)
  An orc priest (D:3)
  An iguana (D:4)
  A worker ant (D:4)
  Robin (D:2)
  4 adders
  3 dart slugs
  6 orcs
  2 ball pythons (D:3)
  6 bats
  3 giant cockroaches
  8 hobgoblins
  3 jackals (D:2)
  5 kobolds
  A quokka (D:2)
  A frilled lizard (D:4)
  12 goblins
  8 rats
68 creatures vanquished.

Notes
Turn   | Place    | Note
-------+----------+-------------------------------------------
     0 | D:1      | CrazyJ the Draconian Ice Elementalist began the quest for
                  | the Orb.
     0 | D:1      | Reached XP level 1. HP: 14/14 MP: 3/3
   511 | D:1      | Reached XP level 2. HP: 18/22 MP: 5/5
   694 | D:1      | Learned a level 2 spell: Throw Frost
   994 | D:2      | Reached skill level 1 in Fighting
   994 | D:2      | Reached XP level 3. HP: 24/28 MP: 0/6
  1344 | D:2      | Found a shadowy altar of Dithmenos.
  1668 | D:2      | Learned a level 3 spell: Ozocubu's Armour
  2047 | D:3      | Found a sacrificial altar of Ru.
  2049 | D:3      | Reached XP level 4. HP: 35/35 MP: 3/8
  2176 | D:3      | Noticed Robin
  2436 | D:2      | Killed Robin
  2656 | D:3      | Found a stormy altar of Qazlal.
  2771 | D:3      | Reached skill level 4 in Ice Magic
  2929 | D:3      | Reached XP level 5. HP: 35/40 MP: 0/9
  3214 | D:4      | Found Vedes's Distillery.
  3237 | D:4      | Bought a potion of heal wounds for 70 gold pieces
  3307 | D:4      | Found a sparkling altar of Nemelex Xobeh.
  3353 | D:4      | Found a large runed translucent door.
  3354 | D:4      | Found a large runed translucent door.
  3370 | D:4      | Noticed a phantom
  3821 | D:5      | Entered Level 5 of the Dungeon
  3846 | D:5      | Learned a level 4 spell: Throw Icicle
  3864 | D:5      | Found a staircase to the Ecumenical Temple.
  3884 | D:5      | Reached skill level 1 in Maces & Flails
  3884 | D:5      | Reached XP level 6. HP: 28/48 MP: 8/11
  3912 | D:5      | Shot with an arrow by a centaur

Skill      XL: |  1  2  3  4  5 |
---------------+----------------+-----
Dodging        | 2 |  2.5
Fighting       | 1 2 |  2.0
Spellcasting   | 3 |  3.3
Ice Magic      | 4 |  4.3
Maces & Flails | 1 |  1.0
Short Blades   | |  0.5
Stealth        | |  1.7
Conjurations   | |  1.7
Charms         | |  0.9

Action                   |  1- 3 |  4- 6 || total
-------------------------+-------+-------++-------
Melee: Short sword       |   111 |       ||   111
       Tailslap          |    13 |    14 ||    27
       Dagger            |    15 |    56 ||    71
       Whip              |       |    53 ||    53
       Staff             |       |     4 ||     4
Throw: Stone             |       |     4 ||     4
 Cast: Freeze            |    12 |     6 ||    18
       Throw Frost       |     2 |    12 ||    14
       Ozocubu's Armour  |       |     1 ||     1
Evoke: Wand              |       |     4 ||     4
  Use: Scroll            |     2 |     2 ||     4
       Potion            |     1 |       ||     1
 Stab: Sleeping          |     1 |       ||     1
       Invisible         |       |     1 ||     1
       Paralysed         |       |     1 ||     1
  Eat: Chunk             |    14 |     7 ||    21
Armor: Skin              |   104 |    37 ||   141
Dodge: Dodged            |   174 |   116 ||   290
